 Dungeon Crawl Stone Soup version 0.27-a0-668-gb5737ff2c0 (webtiles) character file.

Game seed: 6275952752677220161

48 sizableburger the Digger (level 3, -6/26 HPs)
             Began as a Demonspawn Earth Elementalist on Mar 18, 2021.
             Mangled by a gnoll
             ... wielding a +0 halberd
              (11 damage)
             ... on level 2 of the Dungeon.
             The game lasted 00:04:24 (1870 turns).

sizableburger the Digger (DsEE)                     Turns: 1870, Time: 00:04:25

Health: -6/26      AC:  3    Str:  8    XL:     3   Next: 50%
Magic:  5/6        EV: 12    Int: 17    God:
Gold:   74         SH:  0    Dex: 13    Spells: 5/6 levels left

rFire    . . .     SeeInvis .   e - +0 short sword
rCold    . . .     Faith    .   (no shield)
rNeg     . . .     Spirit   .   h - +0 leather armour
rPois    .         Reflect  .   (no helmet)
rElec    .         Harm     .   (no cloak)
rCorr    +         Rampage  .   (no gloves)
Will     .....                  (no boots)
Stlth    ++........             (no amulet)
HPRegen  0.08/turn              c - ring of resist corrosion
MPRegen  0.10/turn              (no ring)

@: no status effects
A: demonic magic 1
a: no special abilities


You were on level 2 of the Dungeon.
You visited 1 branch of the dungeon, and saw 2 of its levels.

You collected 74 gold pieces.

Inventory:

Hand Weapons
 e - a +0 short sword (weapon)
Missiles
 i - 3 stones
Armour
 h - a +0 leather armour (worn)
Jewellery
 c - a ring of resist corrosion (right hand)
Scrolls
 b - a scroll of fog {unknown}
 d - a scroll of fear {unknown}
 f - a scroll of enchant weapon {unknown}
 g - a scroll of teleportation {unknown}
Potions
 a - a potion of degeneration {unknown}


   Skills:
 - Level 1.0 Fighting
 + Level 1.0 Short Blades
 + Level 2.5 Dodging
 - Level 1.7 Stealth
 - Level 2.0 Spellcasting
 - Level 0.8 Transmutations
 + Level 3.2 Earth Magic


You had 5 spell levels left.
You knew the following spells:

 Your Spells              Type           Power      Damage    Failure   Level
a - Sandblast             Erth           24%        2d8       8%          1

Your spell library contained the following spells:

 Spells                   Type           Power      Damage    Failure   Level
 Passwall                 Tmut/Erth      6%         N/A       19%         2
 Stone Arrow              Conj/Erth      14%        3d7       41%         3
 Petrify                  Tmut/Erth      8%         N/A       77%         4
 Lee's Rapid Deconstruct  Erth           6%         3d7*      90%         5


Dungeon Overview and Level Annotations

Branches:
Dungeon (2/15)

Altars:

Shops:
D:1 :


Innate Abilities, Weirdness & Mutations

Spells you cast may paralyse adjacent enemies.


Message History

You hit the hobgoblin.
You kill the hobgoblin!
You see here a +0 club.
A kobold comes into view. It is wielding a +0 whip.
A kobold is nearby!
The helpless kobold fails to defend itself.
You hit the kobold.
You kill the kobold!
Unknown command.
i - 4 stones
Things that are here:
a +0 whip; a kobold corpse A gnoll comes into view.
It is wielding a +0 halberd.
The gnoll shouts!
You hear a shout! x2
Found a stone staircase leading down.
Casting: Sandblast (safe; 8% risk of failure)
Confirm with . or Enter, or press ? or * to list all spells.
Aiming: Sandblast (safe; 8% risk of failure)
Press: ? - help, Shift-Dir - straight line, f - gnoll
Aim: a gnoll, wielding a +0 halberd (18% to evade)
Okay, then.
Things that are here:
a +0 whip; a kobold corpse The gnoll hits you from afar with a +0 halberd!
Ouch! That really hurt!
Things that are here:
a +0 whip; a kobold corpse The gnoll closely misses you.
Casting: Sandblast (safe; 8% risk of failure)
Confirm with . or Enter, or press ? or * to list all spells.
Aiming: Sandblast (safe; 8% risk of failure)
Press: ? - help, Shift-Dir - straight line, f - gnoll
Aim: a gnoll, wielding a +0 halberd (18% to evade)
The blast of sand hits the gnoll.
The gnoll is heavily wounded.
Malevolent energies surge around you. The gnoll hits you with a +0 halberd!
* * * LOW HITPOINT WARNING * * *
Okay, then.
The gnoll hits you from afar with a +0 halberd!
You die...

.#####
.....#####.#
.#
#.##...#.....#
######.
....#.#####
#....#
##...#.# #.#
.### #...#.###
..##.... #)..#
†...# ###.#
....# #.#
..<.# #@#
....# #.#
........ #g#
....#### #.#
#.### #.# #..
..# #... .###
#.).. .. >.


You could see a gnoll.

Vanquished Creatures
  An adder (D:2)
  A dart slug (D:1)
  A giant cockroach (D:1)
  3 goblins (D:1)
  4 hobgoblins
  5 jackals (D:1)
  6 kobolds
  A quokka (D:1)
  A ball python (D:1)
  7 bats
  3 frilled lizards
  4 rats (D:1)
37 creatures vanquished.

Notes
Turn   | Place    | Note
-------+----------+-------------------------------------------
     0 | D:1      | sizableburger the Demonspawn Earth Elementalist began the
                  | quest for the Orb.
     0 | D:1      | Reached XP level 1. HP: 13/13 MP: 3/3
     5 | D:1      | Found Vimequw's Book Boutique.
   364 | D:1      | Gained mutation: Spells you cast may paralyse adjacent
                  | enemies. [demonic ancestry]
   364 | D:1      | Reached XP level 2. HP: 20/20 MP: 0/5
   466 | D:1      | Reached skill level 1 in Fighting
   594 | D:1      | Reached skill level 3 in Earth Magic
  1116 | D:1      | Reached XP level 3. HP: 26/26 MP: 3/6
  1694 | D:2      | Reached skill level 1 in Short Blades
  1870 | D:2      | Mangled by a gnoll

Illustrated notes

Levels and vault maps discovered:
D:1:      grunt_arrival_crossed_arrows, layout_basic, serial_shops, shop,
          minmay_misc_feat_x
D:2:      layout_basic

Skill      XL: |  1  2  3 |
---------------+----------+-----
Dodging        | 2 |  2.5
Fighting       | 1 |  1.0
Earth Magic    | 3 |  3.2
Short Blades   | 1 |  1.0
Stealth        | |  1.7
Spellcasting   | |  2.0
Transmutations | |  0.8

Action                   || total
-------------------------++-------
Melee: Unarmed           ||    17
       Short sword       ||    40
 Cast: Sandblast         ||    33
 Stab: Sleeping          ||     6
       Paralysed         ||     2
Armor: Robe              ||    12
       Leather armour    ||     6
Dodge: Dodged            ||    47

Table legend: (Time is in decaauts)
 A = Elapsed time spent in this place.
 B = Non-inter-level travel time spent in this place.
 C = Inter-level travel time spent in this place.
 D = Time resting spent in this place.
 E = Time spent auto-exploring this place.
 F = Levels seen in this place.
 G = Mean time per level.
                   A        B        C        D        E       F      G
               +--------+--------+--------+--------+--------+-----+--------+
         Total |   1871 |   1627 |    244 |    306 |   1079 |   2 |  935.5 |
       Dungeon |   1871 |   1627 |    244 |    306 |   1079 |   2 |  935.5 |
               +--------+--------+--------+--------+--------+-----+--------+

Top non-repeatable levels by time:
     D:1: 1688 daAuts
     D:2: 183 daAuts
